cohdb
Replays
Latest Replays
All Replays
Popular Replays
Top Player Replays
Match Explorer
How It Works
Community
CoH3 Stats
Reddit
Sign in to upload your games and track your stats! →
Sign in with Steam
Match 38252240
Unlisted
Match 38252240
Overview
Messages
Build Orders
End
Royal Engineer Section
Construct Section Command Post
Infantry Section
Infantry Section
ML 3-inch Mortar Team
Selects Indian Artillery Battlegroup
Selects War Cry
Selects Gurkha Rifles Section
Gurkha Rifles Section
Construct Platoon Command Post
6-pounder Anti-tank Gun Team
Gurkha Rifles Section
Selects Volunteer Infantry
Gurkha Rifles Section
Infantry Training
Selects Artillery Saturation
Construct Company Command Post
Selects Off-map Airburst Barrage
Crusader II Medium Tank
Crusader II Medium Tank
STALKER4732
kit.ohume
Devochkin
Valieriumborn
Computer - Hard
shadow 2
0
0
Comments
sign in to comment!
No comments posted yet!